 Dungeon Crawl Stone Soup version 0.29-a0-506-ga2e7fffb44 (webtiles) character file.

Game seed: 8736907657532354564

809 bristle the Magician (level 7, 0/28 HPs)
             Began as a Felid Air Elementalist on May 27, 2022.
             Was a Believer of the Shining One.
             Slain by a hornet (2 damage)
             ... while paralysed by a hornet
             ... on level 6 of the Dungeon on May 28, 2022.
             The game lasted 01:28:37 (4979 turns).

bristle the Magician (Felid Air Elementalist)       Turns: 4979, Time: 01:28:38

Health: 0/28       AC:  2    Str:  4    XL:     7   Next: 61%
Magic:  21/25      EV:  4    Int: 19    God:    the Shining One [**....]
Gold:   322        SH:  0    Dex: 16    Spells: 9/16 levels left
                                        Lives:  0   Deaths: 2

rFire   . . .      SeeInvis +   (weapon unavailable)
rCold   . . .      Faith    .   (shield unavailable)
rNeg    + . .      Spirit   .   (body armour unavailable)
rPois   .          Reflect  .   (helmet unavailable)
rElec   .          Harm     .   (cloak unavailable)
rCorr   .          Rampage  .   (gloves unavailable)
Will    +....                   (boots unavailable)
Stlth   +.........              y - amulet of magic regeneration
HPRegen 0.09/turn               s - ring of magical power
MPRegen 0.59/turn               (no ring)

@: paralysed, lethally poisoned (0 -> -7), very slightly contaminated, slowed,
glowing, quick
A: very small, claws 1, fangs 3, see invisible, speed 1, shaggy fur 2, stealthy
paws, no weapons or thrown items, no armour, multi-lived
a: Renounce Religion, Divine Shield


You were on level 6 of the Dungeon.
You worshipped the Shining One.
The Shining One was pleased with you.
You visited 2 branches of the dungeon, and saw 7 of its levels.
You also visited: Ossuary.

You collected 322 gold pieces.

Inventory:

Missiles
 c - 57 stones
Jewellery
 d - an amulet of the acrobat
 s - a ring of magical power (left paw)
 y - an amulet of magic regeneration (around neck)
Scrolls
 a - a scroll of enchant weapon {unknown}
 f - 2 scrolls of amnesia {unknown}
 g - 3 scrolls of teleportation {unknown}
 i - a scroll of noise {unknown}
 j - 2 scrolls of vulnerability {unknown}
 m - a scroll of acquirement {unknown}
 n - a scroll of brand weapon {unknown}
 o - 3 scrolls of poison
 u - a scroll of fog {unknown}
 v - 2 scrolls of fear {unknown}
 x - 2 scrolls of enchant armour {unknown}
Potions
 b - 4 potions of flight
 e - 2 potions of curing {unknown}
 h - 2 potions of haste {unknown}
 k - a potion of attraction {unknown}
 l - a potion of resistance {unknown}
 p - 3 potions of mutation
 q - a potion of brilliance {unknown}
 r - 3 potions of magic
 t - a potion of heal wounds
 w - 3 potions of might {unknown}
 z - a potion of degeneration {unknown}


   Skills:
 + Level 0.7 Fighting
 + Level 4.0 Dodging
 + Level 4.2 Stealth
 + Level 0.4 Unarmed Combat
 + Level 5.4 Spellcasting
 + Level 4.4 Conjurations
 + Level 5.4 Air Magic


You had 9 spell levels left.
You knew the following spells:

 Your Spells              Type           Power      Damage    Failure   Level
a - Shock                 Conj/Air       92%        1d8       1%          1
b - Static Discharge      Conj/Air       23%        N/A       2%          2
c - Ensorcelled Hibernat  Hex/Ice        10%        N/A       19%         2
d - Searing Ray           Conj           44%        2d6       2%          2

Your spell library contained the following spells:

 Spells                   Type           Power      Damage    Failure   Level
 Magic Dart               Conj           88%        1d7       1%          1
 Swiftness                Air            25%        N/A       3%          3
 Airstrike                Air            12%        N/A       13%         4
 Spider Form              Tmut/Pois      5%         N/A       34%         3
 Fulminant Prism          Conj/Hex       6%         3d7       43%         4
 Anguish                  Hex/Necr       2%         N/A       75%         4


Dungeon Overview and Level Annotations

Branches:
Dungeon (6/15)             Temple (1/1) D:4         Ossuary (visited)

Altars:
Ashenzari
Cheibriados
Dithmenos
Elyvilon
Fedhas
Gozag
Hepliaklqana
Kikubaaqudgha
Makhleb
Nemelex Xobeh
Okawaru
Qazlal
Sif Muna
Trog
Uskayaw
Vehumet
Wu Jian
Xom
Yredelemnul
Zin
The Shining One

Annotations:
D:5 2 transporters, Hubjo's ghost, novice DEFE


Innate Abilities, Weirdness & Mutations

You have sharp claws.
You have razor-sharp teeth.
You have supernaturally acute eyesight. (SInv)
You cover ground quickly. (Speed+)
You are covered in thick fur. (AC +2)
Your paws help you pounce on unaware monsters.
You are incapable of wielding weapons or throwing items.
You cannot wear armour.
You gain extra lives every three experience levels.


Message History

The hound completely misses you. The hound barely misses you.
The iguana completely misses you.
Casting: Static Discharge (safe; 2% risk of failure)
Press: ? - help, Q - select action, (/) - cycle Dir - look around, f - activate Look: a hound (severely wounded, haloed)
You miscast Static Discharge.
You are very lightly contaminated with residual magic.
Nothing appears to happen.
The hound bites you but does no damage. The iguana bites you!
Casting: Static Discharge (safe; 2% risk of failure)
Press: ? - help, Q - select action, (/) - cycle Dir - look around, f - activate Look: a hound (severely wounded, haloed)
The iguana is struck by an arc of lightning.
You kill the iguana!
The scorpion is struck by an arc of lightning.
The scorpion is moderately wounded.
The lightning grounds out.
The hound is struck by an arc of lightning!
You kill the hound!
The hornet is struck by an arc of lightning.
The hornet is moderately wounded.
The scorpion is struck by an arc of lightning.
The scorpion is heavily wounded.
The lightning grounds out.
The hornet barely misses you.
Your Dodging skill increases to level 4!
The hornet stings you!
You suddenly lose the ability to move!
The hornet stings you.
* * * LOW HITPOINT WARNING * * *
You are lethally poisoned!
You feel yourself slow down. The scorpion barely misses you.
The hornet stings you.
* * * LOW HITPOINT WARNING * * *
You feel as though you will be slow longer.
* * * LOW HITPOINT WARNING * * *
You feel very sick. The scorpion stings you.
* * * LOW HITPOINT WARNING * * *
The hornet stings you.
You die...

#.# ... ###.## ....
#....# .... #.#..# ....#
#####.#..##########....#
......#..#............#.
#######.........Oo......
#.##.#####sy......
#.##.# #@###.#># #.##.#
#.# # #.##.# #.# #.##.#
#.# .. ... ... #.. ...
###


You could see a hornet, an ogre, a scorpion and an orc.

Vanquished Creatures
  Prince Ribbit (D:6)
  2 black bears (D:5)
  2 ogres
  A phantom (D:6)
  A scorpion (D:5)
  2 necrophages
  2 jellies
  An orc priest (D:6)
  A hound (D:6)
  An iguana (D:6)
  4 orc wizards (D:6)
  2 mummies (Ossuary)
  5 adders
  3 white imps (D:5)
  2 adder zombies (Ossuary)
  2 dart slugs
  10 orcs
  4 ball pythons
  3 goblins
  5 hobgoblins
  3 jackals (D:4)
  4 kobolds
  2 quokkas
  5 bats
  2 frilled lizards (D:1)
  A gnoll zombie (Ossuary)
  2 hobgoblin zombies (Ossuary)
  A kobold zombie (Ossuary)
  An orc zombie (Ossuary)
  4 rats
79 creatures vanquished.

Vanquished Creatures (others)
  3 plants (D:1)
3 creatures vanquished.

Grand Total: 82 creatures vanquished

Notes
Turn   | Place    | Note
-------+----------+-------------------------------------------
     0 | D:1      | bristle the Felid Air Elementalist began the quest for the
                  | Orb.
     0 | D:1      | Reached XP level 1. HP: 7/7 MP: 4/4
   283 | D:1      | Reached skill level 1 in Conjurations
   338 | D:1      | Reached XP level 2. HP: 11/11 MP: 1/6
   916 | D:2      | Found a glowing golden altar of the Shining One.
   921 | D:2      | Became a worshipper of the Shining One
  1224 | D:2      | Learned a level 2 spell: Static Discharge
  1269 | D:2      | Reached XP level 3. HP: 14/14 MP: 4/7
  2415 | D:4      | Reached XP level 4. HP: 6/18 MP: 0/9
  2448 | D:4      | Found a sand-covered staircase.
  2451 | D:4      | Found a staircase to the Ecumenical Temple.
  2455 | Ossuary  | Entered an ossuary
  2743 | Ossuary  | Reached * piety under the Shining One
  2753 | Ossuary  | Slain by a water moccasin zombie
  2754 | Ossuary  | Reached XP level 3. HP: 0/21 MP: 0/8
  2977 | D:4      | Reached XP level 4. HP: 6/18 MP: 4/9
  3172 | Temple   | Entered the Ecumenical Temple
  3529 | D:4      | Noticed a necrophage
  3537 | D:4      | Killed a necrophage
  3538 | D:4      | Reached XP level 5. HP: 21/21 MP: 11/11
  3577 | D:5      | Entered Level 5 of the Dungeon
  3596 | D:5      | Noticed an ogre
  3602 | D:5      | Noticed a black bear
  3603 | D:5      | Killed an ogre
  3610 | D:5      | Killed a black bear
  3611 | D:5      | Gained mutation: You are covered in thick fur. (AC +2)
                  | [Felid growth]
  3611 | D:5      | Reached XP level 6. HP: 25/25 MP: 4/12
  4296 | D:5      | Reached XP level 7. HP: 28/28 MP: 14/14
  4296 | D:5      | Upgraded the game from 0.29-a0-495-g17b79114eb to
                  | 0.29-a0-506-ga2e7fffb44
  4354 | D:5      | Reached ** piety under the Shining One
  4379 | D:5      | Found a transporter.
  4380 | D:5      | Noticed Hubjo's ghost (novice DEFE)
  4384 | D:5      | Found a transporter.
  4589 | D:6      | Noticed Prince Ribbit
  4612 | D:6      | Slain by Prince Ribbit
  4613 | D:6      | Reached XP level 6. HP: -5/25 MP: 22/23
  4622 | D:6      | Learned a level 2 spell: Ensorcelled Hibernation
  4625 | D:6      | Learned a level 2 spell: Searing Ray
  4703 | D:6      | Killed Prince Ribbit
  4704 | D:6      | Reached skill level 5 in Spellcasting
  4704 | D:6      | Reached skill level 5 in Air Magic
  4704 | D:6      | Reached XP level 7. HP: 28/28 MP: 15/15
  4969 | D:6      | Noticed a hornet
  4977 | D:6      | Paralysed by a hornet for 2 turns
  4979 | D:6      | Slain by a hornet

Illustrated notes

Levels and vault maps discovered:
D:1:      roderic_octagonal_star, layout_rooms,
          dreamdust_ecumenical_altar_statues, serial_forest,
          infiniplex_forest_split, infiniplex_forest_clump_tiny,
          infiniplex_forest_straight_3, infiniplex_forest_side_room,
          infiniplex_forest_straight_1, infiniplex_forest_clump_cross,
          infiniplex_forest_straight_3, infiniplex_forest_lined_room_2,
          infiniplex_forest_lined_3, fountainhead
D:2:      layout_basic, serial_rivers, chequers_serial_rivers_large_b,
          chequers_serial_rivers_micro_c, chequers_serial_rivers_room_b,
          chequers_serial_rivers_room_b, chequers_serial_rivers_micro_d,
          basic_altar, moated_statue
D:3:      layout_basic, gammafunk_ghost_necromancy, minmay_quadrilaterals,
          uniq_crazy_yiuf_cottage, uniq_sigmund
D:4:      layout_cave_pools, minmay_temple_entry_statues_fountains,
          serial_column_ruins, column_ruins_hut_pillars, column_ruins_columns_T,
          column_ruins_open_medium, column_ruins_grid_1, column_ruins_columns_T,
          column_ruins_grid_3, column_ruins_open_tiny_water,
          lightli_ossuary_entry_decrepit_ruins
D:5:      layout_basic, gammafunk_ghost_mausoleum
D:6:      layout_loops_ring, minmay_manual_moon, uniq_grinder,
          uniq_prince_ribbit1
Temple:   grunt_wide_crystal_templ

Skill      XL: |  1  2  3  4  5  6  7 |
---------------+----------------------+-----
Stealth        | 3 4 |  4.2
Conjurations   | 1 2 3 4 |  4.4
Air Magic      | 3 4 5 |  5.4
Spellcasting   | 3 5 |  5.4
Dodging        | 3 4 |  4.0
Fighting       | |  0.7
Unarmed Combat | |  0.4

Action                   |  1- 3 |  4- 6 |  7- 9 || total
-------------------------+-------+-------+-------++-------
Melee: Unarmed           |    28 |     1 |       ||    29
       Bite              |     1 |       |       ||     1
 Cast: Shock             |    83 |   102 |    50 ||   235
       Static Discharge  |     1 |     1 |     2 ||     4
  Use: Potion            |     4 |     1 |       ||     5
       Scroll            |       |     3 |     2 ||     5
Armor: Skin              |     2 |     5 |     1 ||     8
Dodge: Dodged            |    59 |    26 |    19 ||   104

Table legend: (Time is in decaauts)
 A = Elapsed time spent in this place.
 B = Non-inter-level travel time spent in this place.
 C = Inter-level travel time spent in this place.
 D = Time resting spent in this place.
 E = Time spent auto-exploring this place.
 F = Levels seen in this place.
 G = Mean time per level.
                   A        B        C        D        E       F      G
               +--------+--------+--------+--------+--------+-----+--------+
         Total |   4526 |   4504 |     22 |   2263 |      4 |   8 |  565.8 |
       Dungeon |   3950 |   3928 |     22 |   1857 |      4 |   6 |  658.3 |
        Temple |     73 |     73 |      0 |      0 |      0 |   1 |   73.0 |
       Ossuary |    503 |    503 |      0 |    406 |      0 |   1 |  503.0 |
               +--------+--------+--------+--------+--------+-----+--------+

Top non-repeatable levels by time:
     D:4: 867 daAuts
     D:1: 833 daAuts
     D:5: 785 daAuts
     D:3: 554 daAuts
 Ossuary: 503 daAuts
     D:6: 476 daAuts
     D:2: 432 daAuts
  Temple: 73 daAuts
